 Dungeon Crawl Stone Soup version 0.25-a0-731-g0472a16d6a (webtiles) character file.

Game seed: 3418270662362816438, levelgen mode: deterministic

6081 Iflex the Spear-Bearer (level 10, -14/79 HPs)
             Began as a Merfolk Gladiator on Apr 8, 2020.
             Was a Believer of Makhleb.
             Killed from afar by Erolcha (27 damage)
             ... with a stone arrow
             ... on level 9 of the Dungeon.
             The game lasted 00:38:02 (9165 turns).

Iflex the Spear-Bearer (Merfolk Gladiator)          Turns: 9165, Time: 00:38:02

Health: -14/79     AC:  9    Str: 17    XL:     10   Next: 88%
Magic:  10/10      EV: 33    Int:  9    God:    Makhleb [**....]
Gold:   535        SH:  0    Dex: 15    Spells: 9/9 levels left

rFire    . . .     SeeInvis .   A - +3 glaive (vamp)
rCold    + . .     Gourm    .   (shield currently unavailable)
rNeg     . . .     Faith    .   b - +3 leather armour
rPois    .         Spirit   .   c - +0 helmet
rElec    .         Reflect  .   s - +0 cloak
rCorr    .         Harm     .   q - +0 pair of gloves
MR       .....                  (no boots)
Stlth    +.........             k - amulet of the acrobat
HPRegen  0.23/turn              g - ring of protection from cold
MPRegen  0.12/turn              (no ring)

@: acrobat
A: change form in water, swift swim, stealthy swim
a: Minor Destruction, Renounce Religion


You were on level 9 of the Dungeon.
You worshipped Makhleb.
Makhleb was pleased with you.
You were not hungry.

You visited 2 branches of the dungeon, and saw 10 of its levels.

You collected 535 gold pieces.

Inventory:

Hand Weapons
 a - a +0 trident
 n - a +0 spear of venom
 A - a +3 vampiric glaive (weapon)
 G - a +0 lajatang
Missiles
 t - 9 boomerangs (quivered)
Armour
 b - a +3 leather armour (worn)
 c - a +0 helmet (worn)
 m - +2 swamp dragon scales
 p - a +0 kite shield of protection
 q - a +0 pair of gloves (worn)
 s - a +0 cloak (worn)
Jewellery
 g - a ring of protection from cold (left hand)
 k - an amulet of the acrobat (around neck)
 v - a -3 ring of strength
 w - an uncursed amulet of rage
 B - a +5 ring of strength
Wands
 z - a wand of polymorph (10)
 D - a wand of flame (9)
Scrolls
 l - a scroll of blinking {unknown}
 r - 4 scrolls of remove curse
 E - a scroll of magic mapping {unknown}
Potions
 d - a potion of lignification {unknown}
 e - a potion of flight {unknown}
 h - 3 potions of cancellation
 i - a potion of resistance
 o - a potion of degeneration
 u - 2 potions of brilliance
 x - a potion of invisibility {unknown}
 C - a potion of haste {unknown}
 F - a potion of stabbing {unknown}
Comestibles
 f - 12 rations


   Skills:
 - Level 7.1 Fighting
 * Level 14.5 Polearms
 + Level 5.5 Throwing
 - Level 0.5 Armour
 * Level 9.9 Dodging
 - Level 0.3 Stealth
 * Level 5.6 Shields


You had 9 spell levels left.
You didn't know any spells.
Your spell library contained the following spells:

 Spells                   Type           Power        Failure   Level  Hunger
 Animate Skeleton         Necr           N/A          43%         1    ##.....
 Pain                     Necr           #...         43%         1    ##.....
 Vampiric Draining        Necr           #.........   82%         3    ####...
 Animate Dead             Necr           N/A          99%         4    #####..
 Agony                    Necr           #.......     100%        5    ######.


Dungeon Overview and Level Annotations

Branches:
Dungeon (9/15)             Temple (1/1) D:6
   Lair: D:8-11         Orc: D:9-12

Altars:
Ashenzari
Cheibriados
Elyvilon
Hepliaklqana
Makhleb
Nemelex Xobeh
Okawaru
Ru
Sif Muna
Wu Jian
Zin
The Shining One

Annotations:
D:5 1 runed translucent door, Scuka's ghost, amateur OpTm
D:9 Erolcha


Message History

Deactivating autopickup; reactivate with Ctrl-A.
Attack whom?
Press: ? - help, Dir - move target cursor You reach to attack!
You attack empty space.
You hear some strange, mumbled words.
A bolt of lightning appears from out of thin air!
The bolt of lightning misses you.
You see here a dagger.
Attack whom?
Press: ? - help, Dir - move target cursor You reach to attack!
You attack empty space.
Attack whom?
Press: ? - help, Dir - move target cursor Something you can't see is in the way.
You closely miss something. Something hits you.
* * * LOW HITPOINT WARNING * * *
You hear some strange, mumbled words.
A stone arrow appears from out of thin air!
The stone arrow hits you!!
You die...

####### #####################
....... .....^..............#
....... ....................#
####### ####...###########.#
#############...# #.#
................###########.#
..............{.@......<....#
#######.###################.#
#.# #.# #.# #.# #.# #.# #.#
#.# #.# #.# #.# #.# #.#


There were no monsters in sight!

Vanquished Creatures
  Erica (D:8)
  A two-headed ogre (D:6)
  An ugly thing (D:8)
  Maggie (D:7)
  A hippogriff (D:8)
  A spriggan (D:8)
  A wyvern (D:8)
  2 water moccasins
  5 ice beasts
  2 orc warriors (D:7)
  3 phantoms (D:8)
  3 ogres
  4 centaurs
  2 bullfrogs (D:8)
  3 scorpions
  14 killer bees
  A howler monkey (D:4)
  6 crimson imps
  A centaur zombie (D:8)
  A hound (D:9)
  A jelly (D:8)
  A quasit (D:8)
  2 orc priests (D:7)
  2 centaur skeletons
  2 iguanas (D:6)
  5 orc wizards
  6 worker ants
  A killer bee zombie (D:7)
  3 hound skeletons
  A howler monkey zombie (D:5)
  A worker ant zombie (D:5)
  4 gnolls
  10 adders
  An ooze (D:4)
  An adder zombie (D:5)
  An adder skeleton (D:4)
  2 worms
  A dart slug (D:1)
  6 leopard geckos
  16 orcs
  A ball python (D:2)
  4 giant cockroaches
  2 goblins
  4 hobgoblins
  14 jackals
  8 kobolds
  5 quokkas
  A ball python skeleton (D:4)
  8 bats
  A frilled lizard (D:3)
  7 rats
176 creatures vanquished.

Notes
Turn   | Place    | Note
-------+----------+-------------------------------------------
     0 | D:1      | Iflex the Merfolk Gladiator began the quest for the Orb.
     0 | D:1      | Reached XP level 1. HP: 16/16 MP: 1/1
    75 | D:1      | Reached XP level 2. HP: 16/22 MP: 2/2
   199 | D:1      | Reached skill level 5 in Polearms
   641 | D:2      | Reached XP level 3. HP: 27/27 MP: 3/3
  1046 | D:3      | Reached skill level 6 in Polearms
  1046 | D:3      | Reached XP level 4. HP: 23/34 MP: 4/4
  1483 | D:3      | Found a glowing golden altar of the Shining One.
  1600 | D:3      | Reached XP level 5. HP: 37/39 MP: 5/5
  2000 | D:4      | Reached skill level 7 in Polearms
  2000 | D:4      | Reached skill level 5 in Dodging
  2109 | D:4      | Reached skill level 1 in Shields
  2428 | D:5      | Entered Level 5 of the Dungeon
  2450 | D:5      | Reached XP level 6. HP: 38/47 MP: 6/6
  2629 | D:5      | Found a shattered altar of Ashenzari.
  2750 | D:5      | Found a glowing silver altar of Zin.
  2750 | D:5      | Found a snail-covered altar of Cheibriados.
  2881 | D:5      | Found a runed translucent door.
  2887 | D:5      | Noticed Scuka's ghost (amateur OpTm)
  2895 | D:5      | Noticed an ice beast
  3091 | D:5      | Reached skill level 8 in Polearms
  3304 | D:5      | Reached XP level 7. HP: 53/53 MP: 7/7
  4004 | D:6      | Noticed a two-headed ogre
  4064 | D:6      | Killed a two-headed ogre
  4064 | D:6      | Reached skill level 5 in Fighting
  4064 | D:6      | Reached skill level 9 in Polearms
  4064 | D:6      | Reached XP level 8. HP: 18/63 MP: 8/8
  4083 | D:5      | HP: 1/63 [water moccasin (4)]
  4133 | D:5      | Reached skill level 10 in Polearms
  4728 | D:6      | Reached XP level 9. HP: 43/69 MP: 9/9
  5255 | D:6      | Found a staircase to the Ecumenical Temple.
  5261 | Temple   | Entered the Ecumenical Temple
  5331 | Temple   | Became a worshipper of Makhleb the Destroyer
  5631 | D:7      | Noticed Maggie
  5658 | D:7      | Killed Maggie
  5977 | D:7      | Reached skill level 11 in Polearms
  7140 | D:8      | Reached * piety under Makhleb
  7194 | D:8      | Reached XP level 10. HP: 43/79 MP: 10/10
  7199 | D:8      | Reached skill level 5 in Throwing
  7317 | D:8      | Reached skill level 5 in Shields
  7362 | D:8      | Found a white marble altar of Elyvilon.
  7445 | D:8      | Noticed a green ugly thing
  7458 | D:8      | Killed a green ugly thing
  7458 | D:8      | Reached skill level 12 in Polearms
  7736 | D:8      | Noticed Erica
  7764 | D:8      | Killed Erica
  7764 | D:8      | Reached skill level 13 in Polearms
  8068 | D:8      | Reached skill level 14 in Polearms
  8159 | D:8      | Reached ** piety under Makhleb
  8937 | D:9      | Noticed a cyclops
  9107 | D:9      | Noticed Erolcha
  9165 | D:9      | Killed from afar by Erolcha

Levels and vault maps discovered:
D:1:      minmay_arrival_semitransparent, layout_rooms, minmay_misc_feat_rows,
          hangedman_abyss_or_decor_stabs, minmay_indecisive_spiral
D:2:      layout_basic
D:3:      layout_basic, overflow_temple_1_default, minmay_pentangle
D:4:      layout_basic
D:5:      layout_basic, gammafunk_temple_overflow_pools, first_ration,
          ebering_ghost_sewer_d, cheibrodos_sewer_entry_bend, hex_tiny,
          cheibrodos_ashenzari_chains
D:6:      layout_loops_ring, minmay_temple_entry_enclosed_plants
D:7:      layout_cave_pods, serial_column_ruins, column_ruins_open_tiny,
          column_ruins_open_small, column_ruins_open_tiny,
          column_ruins_open_small, column_ruins_open_small, column_ruins_grid_3,
          uniq_maggie
D:8:      layout_loops_ring, lemuel_crystal_altar, the_bakery, uniq_erica
D:9:      layout_long_grid, minmay_lair_entry_lava, orc_david_3, uniq_harold,
          uniq_erolcha
Temple:   regret_index_temple_mists

Skill      XL: |  1  2  3  4  5  6  7  8  9 10 |
---------------+-------------------------------+-----
Polearms       | 5 6 7 8 9 10 11 14 | 14.5
Fighting       | 3 5 6 7 |  7.1
Dodging        | 5 7 9 |  9.9
Shields        | 1 3 4 5 |  5.6
Throwing       | 3 4 5 |  5.5
Armour         | |  0.5
Stealth        | |  0.3

Action                   |  1- 3 |  4- 6 |  7- 9 | 10-12 || total
-------------------------+-------+-------+-------+-------++-------
Melee: Trident           |    93 |   208 |     6 |       ||   307
       Spear             |       |       |   255 |       ||   255
       Tailslap          |       |       |     1 |       ||     1
       Glaive            |       |       |    33 |   190 ||   223
Throw: Throwing net      |     5 |     2 |       |       ||     7
       Boomerang         |       |    16 |    73 |    27 ||   116
       Javelin           |       |       |       |     5 ||     5
  Use: Potion            |     1 |       |     3 |     6 ||    10
       Scroll            |       |    13 |     5 |     2 ||    20
 Stab: Sleeping          |     1 |     3 |       |     2 ||     6
       Held in net/web   |     1 |     1 |       |       ||     2
  Eat: Chunk             |       |     3 |     7 |     2 ||    12
       Ration            |       |     1 |     2 |     2 ||     5
Armor: Leather armour    |    18 |    34 |    32 |    35 ||   119
Dodge: Dodged            |    59 |   143 |   169 |   209 ||   580

Table legend:
 A = Non-vault XP
 B = Vault XP
 C = Vault XP percentage of total XP
 D = Non-vault monster count
 E = Vault monster count
 F = Vault count percentage of total count
                 A         B        C        D         E       F
            +---------+---------+-------+---------+---------+-------
      Total |    7069 |    1619 |  18.6 |     158 |      18 |  10.2
            +---------+---------+-------+---------+---------+-------
        D:1 |       9 |       8 |  47.1 |       6 |       4 |  40.0
        D:2 |      51 |       0 |   0.0 |      14 |       0 |   0.0
        D:3 |      68 |      53 |  43.8 |      19 |      10 |  34.5
        D:4 |      95 |       0 |   0.0 |       9 |       0 |   0.0
        D:5 |     702 |       4 |   0.6 |      16 |       1 |   5.9
        D:6 |    1491 |       0 |   0.0 |      17 |       0 |   0.0
        D:7 |    1304 |     379 |  22.5 |      30 |       1 |   3.2
        D:8 |    2688 |    1175 |  30.4 |      34 |       2 |   5.6
        D:9 |     661 |       0 |   0.0 |      13 |       0 |   0.0
            +---------+---------+-------+---------+---------+-------
